 Dungeon Crawl Stone Soup version 0.28-a0-1235-g7c8fac35f0 (webtiles) character file.

Game seed: 8488154622483991756

1 ChaosChampion the Grasshopper (level 1, 0/22 HPs)
             Began as an Ogre Warper on Dec 25, 2021.
             Slain by a ball python (1 damage)
             ... on level 2 of the Dungeon.
             The game lasted 00:00:10 (18 turns).

ChaosChampion the Grasshopper (Ogre Warper)           Turns: 18, Time: 00:00:11

Health: 0/22       AC:  3    Str: 14    XL:     1   Next: 20%
Magic:  3/3        EV:  9    Int: 14    God:
Gold:   0          SH:  0    Dex:  8    Spells: 4/4 levels left

rFire   . . .      SeeInvis .   a - +0 mace
rCold   . . .      Faith    .   (no shield)
rNeg    . . .      Spirit   .   b - +0 robe
rPois   .          Reflect  .   (helmet restricted)
rElec   .          Harm     .   (no cloak)
rCorr   .          Rampage  .   (gloves unavailable)
Will    .....                   (boots unavailable)
Stlth   +.........              (no amulet)
HPRegen 0.07/turn               (no ring)
MPRegen 0.08/turn               (no ring)

@: no status effects
A: large, unfitting armour, tough skin 1
a: no special abilities


You were on level 2 of the Dungeon.
You visited 1 branch of the dungeon, and saw 2 of its levels.

Inventory:

Hand Weapons
 a - a +0 mace (weapon)
Missiles
 d - 5 boomerangs of dispersal (quivered)
Armour
 b - a +0 robe (worn)
Scrolls
 c - a scroll of blinking
Potions
 e - 2 potions of brilliance {unknown}


   Skills:
 + Level 2.7 Fighting
 + Level 1.8 Maces & Flails
 - Level 1.0 Throwing
 - Level 2.1 Dodging
 + Level 2.4 Spellcasting
 + Level 2.7 Translocations


You had 4 spell levels left.
You didn't know any spells.
Your spell library contained the following spells:

 Spells                   Type           Power      Damage    Failure   Level
 Blink                    Tloc           18%        N/A       12%         2
 Gell's Gravitas          Tloc           9%         N/A       22%         3
 Lesser Beckoning         Tloc           9%         N/A       22%         3
 Teleport Other           Tloc           9%         N/A       22%         3
 Manifold Assault         Tloc           9%         N/A       91%         5


Dungeon Overview and Level Annotations

Branches:
Dungeon (1/15)

Altars:


Innate Abilities, Weirdness & Mutations

You are too large for most types of armour.
You have tough skin. (AC +1)


Message History

A ball python, a hobgoblin and a kobold come into view.
The hobgoblin shouts!
The kobold shouts!
Found a spear.
Found a stone staircase leading up and a stone staircase leading down.
The kobold throws a stone.
The stone completely misses you.
There is a stone staircase leading up here.
The hobgoblin hits you. The kobold hits you but does no damage.
There is a stone staircase leading up here.
You hit the hobgoblin.
The hobgoblin is severely wounded.
The hobgoblin hits you. The kobold hits you but does no damage.
You closely miss the hobgoblin.
The hobgoblin is severely wounded.
The hobgoblin barely misses you. The kobold hits you but does no damage.
The hobgoblin hits you.
You completely miss the hobgoblin.
The hobgoblin is severely wounded.
The kobold hits you with a +0 dagger. The hobgoblin hits you.
You sock the hobgoblin!
You kill the hobgoblin!
The kobold barely misses you. The ball python closely misses you.
The kobold hits you but does no damage.
The ball python bites you but does no damage.
You barely miss the kobold. The ball python barely misses you.
The kobold hits you with a +0 dagger.
You are too injured to fight recklessly!
You are too injured to fight recklessly!
You are too injured to fight recklessly!
You barely miss the kobold. The ball python bites you.
The kobold hits you with a +0 dagger.
* * * LOW HITPOINT WARNING * * *
The ball python bites you but does no damage.
You closely miss the kobold. The kobold hits you with a +0 dagger.
* * * LOW HITPOINT WARNING * * *
The ball python bites you.
* * * LOW HITPOINT WARNING * * *
The kobold hits you but does no damage. The ball python bites you.
* * * LOW HITPOINT WARNING * * *
You barely miss the kobold. The ball python bites you.
You die...

..........# .
#......>.## ..#
#.........#
....#.........#
..............#
#...)........#
#...........#
#......S...##
#.....K@..##
###########


You could see a ball python and a kobold.

Vanquished Creatures
  A hobgoblin (D:2)
1 creature vanquished.

Notes
Turn   | Place    | Note
-------+----------+-------------------------------------------
     0 | D:1      | ChaosChampion the Ogre Warper began the quest for the Orb.
     0 | D:1      | Reached XP level 1. HP: 22/22 MP: 3/3
     6 | D:1      | You fall into a shaft and drop 1 floor!
    17 | D:2      | HP: 1/22 [ball python (1)]
    18 | D:2      | Slain by a ball python

Illustrated notes

Levels and vault maps discovered:
D:1:      matt_arrival_debris, layout_basic,
          nicolae_concentric_dashed_squares_wild, serial_park_tiny_pond,
          ebering_dispersal_statue_hall
D:2:      layout_rooms, basic_altar, serial_shops, shop, uniq_crazy_yiuf_cottage

Action                   || total
-------------------------++-------
Melee: Mace              ||     8
Armor: Robe              ||     7
Dodge: Dodged            ||     5

Table legend: (Time is in decaauts)
 A = Elapsed time spent in this place.
 B = Non-inter-level travel time spent in this place.
 C = Inter-level travel time spent in this place.
 D = Time resting spent in this place.
 E = Time spent auto-exploring this place.
 F = Levels seen in this place.
 G = Mean time per level.
                   A        B        C        D        E       F      G
               +--------+--------+--------+--------+--------+-----+--------+
         Total |     20 |     20 |      0 |      0 |      5 |   2 |   10.0 |
       Dungeon |     20 |     20 |      0 |      0 |      5 |   2 |   10.0 |
               +--------+--------+--------+--------+--------+-----+--------+

Top non-repeatable levels by time:
     D:2: 14 daAuts
     D:1: 6 daAuts
